3AA
MARQUETTE MINERS @ BETHESDA ATOMS
05/06/2042
 
TOP OF THE 1ST
Marquette Miners batting - Pitching for Bethesda Atoms : RHP Bartolo Cardona
Pitching: RHP Bartolo Cardona
Batting: LHB Bob Blough 0-0: Swinging Strike
0-1: Swinging Strike
0-2: Ball
1-2: Foul Ball, location: 2F
1-2: Ball
2-2: DOUBLE (Groundball, 5L, EV 100.6 MPH)
Batting: RHB Alfred Howard Biggs 0-0: Ball
1-0: Swinging Strike
1-1: Foul Ball, location: 2F
1-2: Strikes out looking
Batting: LHB Bill Knight 0-0: Called Strike
0-1: Ball
1-1: Ground out 4-3 (Groundball, 4, EV 88.1 MPH)
Bob Blough to third
Batting: LHB Steve Chittick 0-0: Foul Ball, location: 2F
0-1: Called Strike
0-2: Ball
1-2: Ball
2-2: SINGLE (Flyball, 9LS, EV 98.1 MPH)
Bob Blough scores
Batting: RHB Colton Shepard 0-0: Called Strike
Steve Chittick steals 2nd base
0-1: Ball
1-1: Foul Ball, location: 2F
1-2: Foul Ball, location: 2F
1-2: SINGLE (Groundball, 6D, EV 101.2 MPH)
Steve Chittick to third
Runner from 3rd tries for Home, SAFE, throw by CF to home
Colton Shepard to second
Batting: RHB Richard Mitchell 0-0: Called Strike
0-1: SINGLE (Groundball, 6MD, EV 97.5 MPH)
Colton Shepard to third
Runner from 3rd tries for Home, SAFE, throw by CF to home
Batting: RHB Kiril Neuvel 0-0: Called Strike
0-1: Foul Ball, location: 2F
0-2: Ball
1-2: Ball
Richard Mitchell steals 2nd base
2-2: Foul Ball, location: 2F
2-2: Foul Ball, location: 2F
2-2: Foul Ball, location: 2F
2-2: Ball
3-2: Foul Ball, location: 2F
3-2: Base on Balls
Batting: RHB Roland Rankin 0-0: Hit by Pitch
Richard Mitchell to third
Kiril Neuvel to second
Batting: RHB Martin Payton 0-0: Ball
1-0: Foul Ball, location: 2F
1-1: DOUBLE (Flyball, 78XD, EV 97.5 MPH)
Richard Mitchell scores
Kiril Neuvel scores
Roland Rankin to third
Runner from 3rd tries for Home, SAFE, throw by CF to home
Pitching: RHP Kang-keun Yong
Batting: LHB Bob Blough 0-0: Ball
Wild Pitch!
Martin Payton to third
1-0: Ball
2-0: Ball
3-0: Base on Balls
Batting: RHB Alfred Howard Biggs 0-0: Ball
1-0: Ground out 5-3 (Groundball, 56S, EV 77.5 MPH)
Top of the 1st over - 6 runs, 5 hits, 0 errors, 2 left on base; Marquette 6 - Bethesda 0
BOTTOM OF THE 1ST
Bethesda Atoms batting - Pitching for Marquette Miners : RHP Greg Borges
Pitching: RHP Greg Borges
Batting: RHB Jorge Gardella 0-0: Ball
1-0: Fly out, F7 (Flyball, 7LS, EV 91.9 MPH)
Batting: LHB Vicente Torres 0-0: Ball
1-0: Fly out, F8 (Flyball, 8LXD, EV 90.0 MPH)
Batting: RHB Pancho Hernández 0-0: Called Strike
0-1: Ball
1-1: Foul Ball, location: 2F
1-2: Ball
2-2: Foul Ball, location: 2F
2-2: Ball
3-2: Strikes out swinging
Bottom of the 1st over - 0 runs, 0 hits, 0 errors, 0 left on base; Marquette 6 - Bethesda 0
TOP OF THE 2ND
Marquette Miners batting - Pitching for Bethesda Atoms : RHP Kang-keun Yong
Batting: LHB Bill Knight 0-0: SINGLE (Groundball, 34D, EV 99.4 MPH)
Batting: LHB Steve Chittick 0-0: Foul Ball, location: 2F
0-1: Ball
1-1: Ball
2-1: Ball
Bill Knight is caught stealing 2nd base 2-6
3-1: SINGLE (Flyball, 89S, EV 86.9 MPH)
Batting: RHB Colton Shepard 0-0: Ball
1-0: Ball
2-0: Foul Ball, location: 2F
2-1: Ball
3-1: Foul Ball, location: 2F
3-2: Base on Balls
Steve Chittick to second
Batting: RHB Richard Mitchell 0-0: Fly out, F6 (Popup, 15S, EV 93.1 MPH)
Batting: RHB Kiril Neuvel 0-0: Foul Ball, location: 2F
0-1: Called Strike
0-2: Ball
1-2: Foul Ball, location: 2F
1-2: Foul Ball, location: 2F
1-2: Strikes out swinging
Top of the 2nd over - 0 runs, 2 hits, 0 errors, 2 left on base; Marquette 6 - Bethesda 0
BOTTOM OF THE 2ND
Bethesda Atoms batting - Pitching for Marquette Miners : RHP Greg Borges
Batting: LHB Ethan Duffy 0-0: Foul Ball, location: 2F
0-1: Foul Ball, location: 2F
0-2: Foul Ball, location: 2F
0-2: Ball
1-2: Ball
2-2: Strikes out looking
Batting: LHB Ayub Kuthakwakulu 0-0: Ball
1-0: Ball
2-0: SINGLE (Line Drive, 34, EV 105.0 MPH)
Batting: LHB Xiao-gang Qing 0-0: Ball
1-0: Foul Ball, location: 2F
1-1: Ball
2-1: Foul Ball, location: 2F
2-2: Fly out, F7 (Flyball, 7S, EV 85.6 MPH)
Batting: RHB Byron Shadix 0-0: Called Strike
0-1: Ground out 2-3 (Groundball, 2L, EV 63.1 MPH)
Bottom of the 2nd over - 0 runs, 1 hit, 0 errors, 1 left on base; Marquette 6 - Bethesda 0
TOP OF THE 3RD
Marquette Miners batting - Pitching for Bethesda Atoms : RHP Kang-keun Yong
Batting: RHB Roland Rankin 0-0: Called Strike
0-1: Ball
1-1: Ball
2-1: Foul Ball, location: 2F
2-2: Ball
3-2: Ground out 6-3 (Groundball, 6, EV 88.1 MPH)
Batting: RHB Martin Payton 0-0: Ball
1-0: Foul Ball, location: 2F
1-1: Foul Ball, location: 2F
1-2: Ground out 6-3 (Groundball, 6, EV 103.8 MPH)
Batting: LHB Bob Blough 0-0: Ball
1-0: Foul Ball, location: 2F
1-1: Ball
2-1: Ground out 6-3 (Groundball, 6, EV 85.0 MPH)
Top of the 3rd over - 0 runs, 0 hits, 0 errors, 0 left on base; Marquette 6 - Bethesda 0
BOTTOM OF THE 3RD
Bethesda Atoms batting - Pitching for Marquette Miners : RHP Greg Borges
Batting: SHB Christian Davis 0-0: Fly out, F3 (Popup, 3F, EV 81.2 MPH)
Pitching: LHP Shan-bo Kang
Batting: LHB Manny Medina 0-0: Ball
1-0: Fly out, F7 (Line Drive, 7, EV 95.0 MPH)
Batting: RHB Jorge Gardella 0-0: Called Strike
0-1: Ball
1-1: Foul Ball, location: 2F
1-2: Strikes out looking
Bottom of the 3rd over - 0 runs, 0 hits, 0 errors, 0 left on base; Marquette 6 - Bethesda 0
TOP OF THE 4TH
Marquette Miners batting - Pitching for Bethesda Atoms : RHP Kang-keun Yong
Batting: RHB Alfred Howard Biggs 0-0: SINGLE (Groundball, 6MD, EV 103.1 MPH)
Batting: LHB Bill Knight 0-0: Ball
1-0: Ball
2-0: Called Strike
2-1: Ball
3-1: Base on Balls
Alfred Howard Biggs to second
Batting: LHB Steve Chittick 0-0: Called Strike
0-1: Ball
1-1: SINGLE (Flyball, 89M, EV 96.9 MPH)
Alfred Howard Biggs to third
Bill Knight to second
Batting: RHB Colton Shepard 0-0: Called Strike
0-1: SINGLE (Line Drive, 6D, EV 93.8 MPH)
Alfred Howard Biggs scores
Bill Knight to third
Steve Chittick to second
Batting: RHB Richard Mitchell 0-0: Ball
1-0: Called Strike
1-1: Ball
2-1: Grounds into double play, 6-4-3 (Groundball, 6, EV 88.1 MPH)
Bill Knight scores
Steve Chittick to third
Batting: RHB Kiril Neuvel 0-0: Ball
1-0: Ball
2-0: Ball
3-0: Base on Balls
Batting: RHB Roland Rankin 0-0: Swinging Strike
0-1: Ball
1-1: Fly out, F8 (Flyball, 8RM, EV 93.8 MPH)
Top of the 4th over - 2 runs, 3 hits, 0 errors, 2 left on base; Marquette 8 - Bethesda 0
BOTTOM OF THE 4TH
Bethesda Atoms batting - Pitching for Marquette Miners : LHP Shan-bo Kang
Batting: LHB Vicente Torres 0-0: Called Strike
0-1: Called Strike
0-2: Strikes out swinging
Batting: RHB Pancho Hernández 0-0: Ball
1-0: Foul Ball, location: 2F
1-1: Swinging Strike
1-2: SINGLE (Line Drive, 3D, EV 109.4 MPH)
Batting: LHB Ethan Duffy 0-0: Called Strike
0-1: Foul Ball, location: 2F
0-2: Ball
1-2: Foul Ball, location: 2F
1-2: Ball
2-2: Strikes out swinging
Batting: LHB Ayub Kuthakwakulu 0-0: Ball
1-0: Called Strike
1-1: Ball
2-1: Fly out, F7 (Flyball, 78D, EV 100.0 MPH)
Bottom of the 4th over - 0 runs, 1 hit, 0 errors, 1 left on base; Marquette 8 - Bethesda 0
TOP OF THE 5TH
Marquette Miners batting - Pitching for Bethesda Atoms : RHP Kang-keun Yong
Batting: RHB Martin Payton 0-0: Ball
1-0: Called Strike
1-1: Called Strike
1-2: Ball
2-2: Ball
3-2: Base on Balls
Pitching: LHP Nicolas Alonso
Batting: LHB Bob Blough 0-0: Foul Ball, location: 2F
0-1: Fielders Choice at 2nd, 1-6 (Groundball, P, EV 85.6 MPH)
Batting: RHB Alfred Howard Biggs 0-0: Called Strike
0-1: Fly out, F7 (Flyball, 78S, EV 74.4 MPH)
Batting: LHB Bill Knight 0-0: Swinging Strike
0-1: Ball
1-1: Ball
2-1: Fielders Choice at 2nd, 5-4 (Groundball, 5, EV 76.2 MPH)
Top of the 5th over - 0 runs, 0 hits, 0 errors, 1 left on base; Marquette 8 - Bethesda 0
BOTTOM OF THE 5TH
Bethesda Atoms batting - Pitching for Marquette Miners : LHP Shan-bo Kang
Batting: LHB Xiao-gang Qing 0-0: Ball
1-0: Fly out, F7 (Flyball, 7LS, EV 89.4 MPH)
Batting: RHB Byron Shadix 0-0: Ball
1-0: Called Strike
1-1: Ball
2-1: Foul Ball, location: 2F
2-2: SINGLE (Groundball, 34, EV 100.0 MPH)
Batting: SHB Christian Davis 0-0: Ball
1-0: Foul Ball, location: 2F
1-1: SINGLE (Groundball, 56S, EV 63.1 MPH) (infield hit)
Byron Shadix to second
Batting: LHB Manny Medina 0-0: Ball
1-0: Called Strike
1-1: Ball
2-1: Grounds into double play, 4-6-3 (Groundball, 4, EV 85.0 MPH)
Bottom of the 5th over - 0 runs, 2 hits, 0 errors, 1 left on base; Marquette 8 - Bethesda 0
TOP OF THE 6TH
Marquette Miners batting - Pitching for Bethesda Atoms : LHP Nicolas Alonso
Batting: LHB Steve Chittick 0-0: Ball
1-0: Called Strike
1-1: Ground out U3 (Groundball, 3S, EV 79.4 MPH)
Batting: RHB Colton Shepard 0-0: Ball
1-0: Ball
2-0: Ball
3-0: Base on Balls
Batting: RHB Richard Mitchell 0-0: Called Strike
0-1: Ball
1-1: Ball
2-1: Ball
3-1: Foul Ball, location: 2F
3-2: Base on Balls
Colton Shepard to second
Batting: RHB Kiril Neuvel 0-0: Swinging Strike
0-1: Ball
1-1: Foul Ball, location: 2F
1-2: Ball
2-2: 3-RUN HOME RUN (Line Drive, 78XD, EV 99.4 MPH), Distance : 411 ft
Batting: RHB Roland Rankin 0-0: Fly out, F8 (Flyball, 8RM, EV 91.2 MPH)
Batting: RHB Martin Payton 0-0: Ball
1-0: Called Strike
1-1: Ball
2-1: SINGLE (Line Drive, 9S, EV 92.5 MPH)
Batting: LHB Bob Blough 0-0: Called Strike
0-1: Foul Ball, location: 2F
0-2: Ball
1-2: Foul Ball, location: 2F
1-2: Ball
2-2: SINGLE (Groundball, 3D, EV 94.4 MPH)
Martin Payton to second
Batting: RHB Alfred Howard Biggs 0-0: Foul Ball, location: 2F
0-1: Called Strike
0-2: Ball
1-2: Foul Ball, location: 2F
1-2: Ball
2-2: Ball
3-2: Foul Ball, location: 2F
3-2: Foul Ball, location: 2F
3-2: Strikes out swinging
Top of the 6th over - 3 runs, 3 hits, 0 errors, 2 left on base; Marquette 11 - Bethesda 0
BOTTOM OF THE 6TH
Bethesda Atoms batting - Pitching for Marquette Miners : LHP Shan-bo Kang
Batting: RHB Jorge Gardella 0-0: Called Strike
0-1: Foul Ball, location: 2F
0-2: Foul Ball, location: 2F
0-2: Ground out 5-3 (Groundball, 5, EV 78.8 MPH)
Batting: LHB Vicente Torres 0-0: Called Strike
0-1: Ball
1-1: Foul Ball, location: 2F
1-2: Ball
2-2: Ball
3-2: Strikes out swinging
Batting: RHB Pancho Hernández 0-0: Ball
1-0: Foul Ball, location: 2F
1-1: DOUBLE (Line Drive, 78D, EV 105.0 MPH)
Batting: LHB Ethan Duffy 0-0: Swinging Strike
0-1: Foul Ball, location: 2F
0-2: Ball
1-2: DOUBLE (Flyball, 78XD, EV 93.1 MPH)
Pancho Hernández scores
Batting: LHB Ayub Kuthakwakulu 0-0: Ball
1-0: Called Strike
1-1: DOUBLE (Line Drive, 78M, EV 105.6 MPH)
Ethan Duffy scores
Batting: LHB Xiao-gang Qing 0-0: Ground out 4-3 (Groundball, 34, EV 88.8 MPH)
Bottom of the 6th over - 2 runs, 3 hits, 0 errors, 1 left on base; Marquette 11 - Bethesda 2
TOP OF THE 7TH
Marquette Miners batting - Pitching for Bethesda Atoms : LHP Nicolas Alonso
Pinch Hitting: LHB Arnie Ford 0-0: Ball
1-0: Called Strike
1-1: Foul Ball, location: 2F
1-2: Strikes out looking
Batting: LHB Steve Chittick 0-0: Ball
1-0: SINGLE (Groundball, 3L, EV 107.5 MPH) (infield hit)
Pitching: RHP Chris Sanders
Batting: RHB Colton Shepard 0-0: Called Strike
0-1: Ball
1-1: Foul Ball, location: 2F
1-2: Reached on error, E7 (Flyball, 7, EV 96.2 MPH)
Steve Chittick to second
Batting: RHB Richard Mitchell 0-0: Called Strike
0-1: Ball
1-1: Called Strike
1-2: Ball
2-2: Strikes out swinging
Pinch Hitting: RHB Tom Hendrickson 0-0: Ball
1-0: Ball
2-0: Foul Ball, location: 2F
2-1: Fly out, F9 (Line Drive, 9, EV 104.4 MPH)
Top of the 7th over - 0 runs, 1 hit, 1 error, 2 left on base; Marquette 11 - Bethesda 2
BOTTOM OF THE 7TH
Bethesda Atoms batting - Pitching for Marquette Miners : LHP Shan-bo Kang
Now at 1B: Carl Saunders
Now in LF: Andy Noonkester
Batting: RHB Byron Shadix 0-0: Ball
1-0: Called Strike
1-1: Ball
2-1: Ball
3-1: Foul Ball, location: 2F
3-2: Foul Ball, location: 2F
3-2: Base on Balls
Pitching: RHP António León
Batting: SHB Christian Davis 0-0: Foul Ball, location: 2F
0-1: Ball
Byron Shadix steals 2nd base (no throw)
1-1: Ball
2-1: Fly out, F5 (Popup, 56S, EV 90.0 MPH)
Pinch Hitting: LHB Walt Davis 0-0: Swinging Strike
0-1: Foul Ball, location: 2F
0-2: Ball
1-2: Ball
2-2: Foul Ball, location: 2F
2-2: Ground out 4-3 (Groundball, 4MD, EV 105.6 MPH)
Byron Shadix to third
Batting: RHB Jorge Gardella 0-0: Fly out, F7 (Flyball, 78S, EV 88.8 MPH)
Bottom of the 7th over - 0 runs, 0 hits, 0 errors, 1 left on base; Marquette 11 - Bethesda 2
TOP OF THE 8TH
Marquette Miners batting - Pitching for Bethesda Atoms : RHP Chris Sanders
Now at 1B: Reynaldo Pérez
Batting: RHB Roland Rankin 0-0: Ball
1-0: Foul Ball, location: 2F
1-1: Called Strike
1-2: Foul Ball, location: 2F
1-2: Ball
2-2: SINGLE (Flyball, 89M, EV 90.6 MPH)
Batting: RHB Martin Payton 0-0: Called Strike
0-1: Ball
1-1: Foul Ball, location: 2F
1-2: SINGLE (Groundball, 3L, EV 81.9 MPH) (infield hit)
Roland Rankin to second
Batting: LHB Bob Blough 0-0: Ball
1-0: Ball
2-0: Ball
3-0: Called Strike
3-1: Called Strike
3-2: SINGLE (Groundball, 34D, EV 96.9 MPH)
Roland Rankin to third
Martin Payton to second
Batting: RHB Alfred Howard Biggs 0-0: Foul Ball, location: 2F
0-1: Ball
1-1: Grounds into double play, 5-4-3 (Groundball, 56, EV 88.1 MPH)
Roland Rankin scores
Martin Payton to third
Batting: RHB Andy Noonkester 0-0: Ball
1-0: Ball
2-0: Ball
3-0: Base on Balls
Batting: LHB Steve Chittick 0-0: Called Strike
0-1: Called Strike
0-2: Ball
1-2: SINGLE (Groundball, 34D, EV 95.0 MPH)
Martin Payton scores
Andy Noonkester to second
Batting: RHB Colton Shepard 0-0: Swinging Strike
0-1: Foul Ball, location: 2F
0-2: Ball
1-2: Ball
2-2: Ball
3-2: SINGLE (Groundball, 6MD, EV 94.4 MPH)
Andy Noonkester to third
Steve Chittick to second
Andy Noonkester scores
Steve Chittick to third
Batting: RHB Richard Mitchell 0-0: Ball
1-0: Ball
2-0: Ball
3-0: Swinging Strike
3-1: Swinging Strike
3-2: Strikes out swinging
Top of the 8th over - 3 runs, 5 hits, 0 errors, 2 left on base; Marquette 14 - Bethesda 2
BOTTOM OF THE 8TH
Bethesda Atoms batting - Pitching for Marquette Miners : RHP António León
Batting: LHB Vicente Torres 0-0: Called Strike
0-1: Called Strike
0-2: Ball
1-2: Ball
2-2: Ball
3-2: Strikes out swinging
Batting: RHB Pancho Hernández 0-0: Ball
1-0: Called Strike
1-1: Called Strike
1-2: SINGLE (Groundball, 6S, EV 68.8 MPH) (infield hit)
Batting: LHB Ethan Duffy 0-0: Ball
1-0: Foul Ball, location: 2F
1-1: Grounds into double play, 5-4-3 (Groundball, 56, EV 83.8 MPH)
Bottom of the 8th over - 0 runs, 1 hit, 0 errors, 0 left on base; Marquette 14 - Bethesda 2
TOP OF THE 9TH
Marquette Miners batting - Pitching for Bethesda Atoms : RHP Chris Sanders
Pitching: RHP Alco Roelofs
Batting: SHB Carl Saunders 0-0: Called Strike
0-1: Ground out 4-3 (Groundball, 4, EV 84.4 MPH)
Batting: RHB Roland Rankin 0-0: Ball
1-0: SINGLE (Groundball, 6D, EV 96.9 MPH)
Batting: RHB Martin Payton 0-0: Called Strike
0-1: Called Strike
0-2: Ball
1-2: Fly out, F9 (Flyball, 9D, EV 99.4 MPH)
Batting: LHB Bob Blough 0-0: Foul Ball, location: 2F
0-1: Swinging Strike
0-2: Strikes out swinging, 2-3 out at first.
Top of the 9th over - 0 runs, 1 hit, 0 errors, 1 left on base; Marquette 14 - Bethesda 2
BOTTOM OF THE 9TH
Bethesda Atoms batting - Pitching for Marquette Miners : RHP António León
Batting: LHB Ayub Kuthakwakulu 0-0: Fly out, F7 (Flyball, 7LM, EV 96.9 MPH)
Batting: LHB Xiao-gang Qing 0-0: Ball
1-0: Ball
2-0: Ground out 6-3 (Groundball, 4M, EV 105.0 MPH)
Batting: RHB Byron Shadix 0-0: Called Strike
0-1: Ball
1-1: Foul Ball, location: 2F
1-2: Ball
2-2: Ball
3-2: Ground out 5-3 (Groundball, 56S, EV 85.6 MPH)
Bottom of the 9th over - 0 runs, 0 hits, 0 errors, 0 left on base; Marquette 14 - Bethesda 2
Friday, March 26th, 2021 - OOTP Baseball 20.8 Build 74